 Dungeon Crawl Stone Soup version 0.22-a0-224-g8cf3520 (webtiles) character file.

446 Amnesiac the Prestidigitator (level 6, -8/30 HPs)
             Began as a Spriggan Artificer on Feb 20, 2018.
             Was an Initiate of Gozag.
             Splashed with acid (25 damage)
             ... in the Ecumenical Temple.
             The game lasted 00:13:45 (6946 turns).

Amnesiac the Prestidigitator (Spriggan Artificer)   Turns: 6946, Time: 00:13:45

Health: -8/30      AC:  2    Str: 10    XL:     6   Next: 73%
Magic:  13/13      EV: 22    Int: 15    God:    Gozag
Gold:   490        SH:  0    Dex: 17    Spells: 5/5 levels left

rFire    . . .     SeeInvis +   h - +0 dagger
rCold    . . .     Gourm    .   (shield restricted)
rNeg     . . .     Faith    .   b - +0 robe
rPois    .         Spirit   .   (helmet restricted)
rElec    .         Reflect  .   (no cloak)
rCorr    .         Harm     .   (gloves unavailable)
MR       +....     Rnd*Tele +   (boots unavailable)
Stlth    ++........             w - amulet of the acrobat
HPRegen  0.10/turn              i - +3 ring of intelligence
MPRegen  0.13/turn              e - ring of teleportation (curse)

@: very quick
A: very small, unfitting armour, see invisible, herbivore, speed 3, slow
metabolism 2
a: Potion Petition, Call Merchant, Bribe Branch, Renounce Religion


You were in the Ecumenical Temple.
You worshipped Gozag.
Gozag was aware of your devotion.
You were very full.

You visited 2 branches of the dungeon, and saw 5 of its levels.

You collected 550 gold pieces.
You paid 60 gold pieces to Gozag.

Inventory:

Hand Weapons
 h - a +0 dagger (weapon)
Missiles
 k - 134 stones (quivered)
 u - 70 sling bullets
 v - 11 poisoned needles
 B - a throwing net
 C - 2 tomahawks
Armour
 b - a +0 robe (worn)
Jewellery
 e - a cursed ring of teleportation (right hand)
 i - a +3 ring of intelligence (left hand)
 w - an amulet of the acrobat (around neck)
 x - an uncursed ring of ice
 A - an uncursed ring of fire
Wands
 c - a wand of flame (8)
 d - a wand of enslavement (15)
Scrolls
 a - 3 scrolls of identify {!r, unknown}
 g - 3 scrolls of fog {!r, unknown}
 l - a scroll of remove curse {!r, unknown}
 m - 3 scrolls of enchant weapon {!r, unknown}
 p - 2 scrolls of teleportation {!r, unknown}
 y - 2 scrolls of enchant armour {!r, unknown}
 z - a scroll of random uselessness {!r, unknown}
Potions
 j - 2 potions of might {!q}
 n - a potion of haste {!q, unknown}
 o - a potion of degeneration {!q, unknown}
 q - 3 potions of flight {!q, unknown}
 r - 2 potions of magic {!q, unknown}
 s - a potion of agility {!q, unknown}
 t - a potion of invisibility {!q, unknown}
Comestibles
 f - 4 rations


   Skills:
 - Level 1.0 Fighting
 - Level 1.1 Short Blades
 + Level 6.3 Dodging
 - Level 1.5 Stealth
 * Level 8.6 Evocations


You had 5 spell levels left.
You didn't know any spells.

Dungeon Overview and Level Annotations

Branches:
Dungeon (4/15)             Temple (1/1) D:4

Altars:
Dithmenos
Elyvilon
Gozag
Hepliaklqana
Kikubaaqudgha
Nemelex Xobeh
Okawaru
Ru
Sif Muna
Vehumet
Xom
Yredelemnul
Zin
Jiyva


Innate Abilities, Weirdness & Mutations

You are very small and have problems with some larger weapons.
You are too small for most types of armour.
You have supernaturally acute eyesight. (SInv)
You are a herbivore.
You cover ground extremely quickly.
You need consume almost no food.


Message History

You climb downwards.
Welcome back to the Ecumenical Temple!
There is a staircase back to the Dungeon here.
You start resting.
HP restored.
You start resting.
HP restored.
You can't go down here!
You climb upwards.
Welcome back to the Dungeon!
The worm misses you.
There is a staircase to the Ecumenical Temple here.
You climb downwards.
Welcome back to the Ecumenical Temple!
There is a staircase back to the Dungeon here.
A worm is nearby!
The wall burns the worm!
The wall burns the worm!
You hit the worm.
The worm is heavily wounded.
You hit the worm.
The worm is severely wounded.
The wall burns the worm!
The worm dies!
You swing at nothing.
You are splashed with acid!
The wall burns you!
You see here 6 gold pieces.
You now have 484 gold pieces (gained 6).
You are splashed with acid!
The wall burns you!
You start resting.
HP restored.
You start resting.
HP restored.
You are splashed with acid!
The walls burn you!
Ouch! That really hurt!
* * * LOW HITPOINT WARNING * * *
You see here 6 gold pieces.
You start resting.
HP restored.
You start resting.
HP restored.
Evoke which item? (* to show all) (? for menu, Esc to quit)
Okay, then.
Your library has no spells.
You are splashed with acid!
The walls burn you!
Ouch! That really hurt!
* * * LOW HITPOINT WARNING * * *
You see here 6 gold pieces.
You start resting.
HP restored.
You start resting.
HP restored.
You are splashed with acid!
The walls burn you!
Ouch! That really hurt!
* * * LOW HITPOINT WARNING * * *
You see here 6 gold pieces.
You start resting.
HP restored.
You start resting.
HP restored.
You are splashed with acid!
The walls burn you!
You see here 6 gold pieces.
Unknown command.
You now have 490 gold pieces (gained 6).
You are splashed with acid!
The walls burn you!
Ouch! That really hurt!
You die...
Your body crumbles into a pile of gold.

######### ##### ### #
###.......### ###...#...#
###..._..._...###..._..._..
.#.............#@..........
..............[)...........
........<................_.
...........................
.#.............#...........
###..._..._...###..._..._..
# ###.......### ###...#...#
######### #########


There were no monsters in sight!

Vanquished Creatures
  Sigmund (D:2)
  A hound (D:3)
  Jessica (D:2)
  An orc wizard (D:4)
  2 worker ants
  3 gnolls (D:3)
  4 adders
  An ooze (D:3)
  An adder skeleton (D:4)
  2 worms (D:3)
  5 dart slugs
  A leopard gecko (D:3)
  3 orcs
  4 giant cockroaches
  4 goblins
  8 hobgoblins
  2 jackals (D:3)
  2 ball pythons (D:3)
  8 bats
  4 frilled lizards
  7 kobolds
  8 rats
73 creatures vanquished.

Vanquished Creatures (others)
  Eustachio (Temple)
  A worker ant (Temple)
  A worm (Temple)
  An orc (Temple)
4 creatures vanquished.

Grand Total: 77 creatures vanquished

Notes
Turn   | Place    | Note
-------+----------+-------------------------------------------
     0 | D:1      | Amnesiac the Spriggan Artificer began the quest for the Orb.
     0 | D:1      | Reached XP level 1. HP: 9/9 MP: 4/4
    90 | D:1      | Reached skill level 1 in Fighting
   460 | D:3      | Reached XP level 2. HP: 14/14 MP: 6/6
   883 | D:4      | Reached skill level 5 in Evocations
  1030 | D:4      | Found a hazy altar of Hepliaklqana.
  1132 | D:2      | Reached XP level 3. HP: 4/18 MP: 7/7
  1328 | D:4      | Found a staircase to the Ecumenical Temple.
  1330 | D:4      | Noticed Eustachio
  1336 | Temple   | Entered the Ecumenical Temple
  1353 | Temple   | Became a worshipper of Gozag Ym Sagoz the Greedy
  1390 | Temple   | Killed Eustachio
  3628 | D:2      | Noticed Jessica
  3632 | D:2      | Killed Jessica
  3632 | D:2      | Reached skill level 6 in Evocations
  3632 | D:2      | Reached XP level 4. HP: 21/22 MP: 9/9
  3740 | D:2      | Found a sparkling altar of Nemelex Xobeh.
  3745 | D:2      | Noticed Sigmund
  3748 | D:2      | Killed Sigmund
  3748 | D:2      | Reached skill level 5 in Dodging
  3748 | D:2      | Reached skill level 7 in Evocations
  3748 | D:2      | Reached XP level 5. HP: 25/25 MP: 9/11
  3795 | D:2      | Found a sacrificial altar of Ru.
  3832 | D:2      | Reached XP level 6. HP: 29/30 MP: 12/12
  4212 | D:2      | Found a deep blue altar of Sif Muna.
  4670 | D:3      | Reached skill level 8 in Evocations
  6946 | Temple   | Splashed with acid

Vault maps used:
D:1:      dpeg_arrival_boxes_within_box, minivault_11
D:2:      overflow_temple_1_default, nicolae_ru_awakened_eye,
          lemuel_blue_sif_altar, uniq_sigmund, uniq_jessica
D:4:      lemuel_coloured_pillars_altar, minmay_temple_entry_purple_smoke,
          first_ration, uniq_eustachio
Temple:   pf_slimified_temple

Skill      XL: |  1  2  3  4  5  6 |
---------------+-------------------+-----
Fighting       | 1 |  1.0
Evocations     | 5 6 7 8 |  8.6
Dodging        | 4 5 6 |  6.3
Short Blades   | |  1.1
Stealth        | |  1.5

Action                   |  1- 3 |  4- 6 || total
-------------------------+-------+-------++-------
Melee: Dagger            |   180 |   310 ||   490
Evoke: Wand              |     4 |    18 ||    22
  Use: Potion            |     2 |       ||     2
 Stab: Sleeping          |    18 |     3 ||    21
       Distracted        |       |     2 ||     2
       Paralysed         |       |     3 ||     3
       Confused          |       |     1 ||     1
  Eat: Ration            |     4 |     2 ||     6
Armor: Robe              |    13 |    16 ||    29
Dodge: Dodged            |   185 |   254 ||   439

Table legend:
 A = Spawn XP
 B = Non-spawn XP
 C = Spawn XP percentage of total XP
 D = Spawn monster count
 E = Non-spawn monster count
 F = Spawn count percentage of total count
 G = Total turns spent on level
                    A         B        C        D         E        F      G
               +---------+---------+-------+---------+---------+-------+---------
         Total |       0 |     638 |   0.0 |       0 |      74 |   0.0 |  6946
               +---------+---------+-------+---------+---------+-------+---------
           D:1 |       0 |      35 |   0.0 |       0 |      21 |   0.0 |  1269
           D:2 |       0 |     324 |   0.0 |       0 |      20 |   0.0 |  1061
           D:3 |       0 |     197 |   0.0 |       0 |      27 |   0.0 |  2318
           D:4 |       0 |      81 |   0.0 |       0 |       5 |   0.0 |   737
        Temple |       0 |       1 |   0.0 |       0 |       1 |   0.0 |  1561
               +---------+---------+-------+---------+---------+-------+---------
